AoeStats
← 自律的王虫

Hideout

508818470Analyzed
1v1 RM · 8d ago on Sep 24, 2026· 39m 26s· 2 players
Game mode
Random Map
Map size
Tiny (2 player)
Population
200
Speed
Normal
Resources
Standard
Victory
Conquest
Starting age
Dark Age
Ending age
Imperial Age
RankedLock teamsTeams togetherTeam positionsShared explorationLock speedFull tech treeHidden civsTurbo modeCheats
Victory
Defeat
🇦🇷 Jurchens · Argentina
1822
+15
1808
-15
我一日三十分寝男
6:06 Loom
9:18 Feudal Age
9:48 Double-Bit Axe
16:23 Town Watch
19:42 Castle Age
18:25 Horse Collar
19:21 Gold Mining
19:37 Fletching
20:56 Bodkin Arrow
22:03 Bow Saw
23:13 Guard Tower
25:56 Ballistics
29:55 Wheelbarrow
34:45 Sanctity
34:35 Fervor
39:05 Imperial Age
38:27 Sanctity
38:50 Scale Mail Armor
自律的王虫
8:53 Feudal Age
9:19 Double-Bit Axe
9:04 Man-at-Arms
9:58 Horse Collar
13:20 Loom
19:14 Castle Age
18:20 Wheelbarrow
19:47 Scale Barding Armor
20:50 Bow Saw
22:19 Heavy Plow
27:43 Bloodlines
28:34 Gold Mining
32:03 Gold Shaft Mining
31:19 Stone Mining
36:18 Imperial Age
34:00 Forging
34:47 Husbandry
35:54 Chain Barding Armor
36:51 Hand Cart
36:21 Town Watch
37:34 Conscription
38:12 Guilds
37:37 Elite Iron Pagoda
39:44 Iron Casting
Connection lost

Rejoining the realm…

Still unreachable

The connection could not be restored.

Session expired

The server has moved on; the page needs a fresh start.